AoeStats
← MagniX

Arabia

504050120Analyzed
1v1 RM · 29d ago on Sep 3, 2026· 53m 2s· 2 players
Game mode
Random Map
Map size
Tiny (2 player)
Population
200
Speed
Normal
Resources
Standard
Victory
Conquest
Starting age
Dark Age
Ending age
Imperial Age
RankedLock teamsTeams togetherTeam positionsShared explorationLock speedFull tech treeHidden civsTurbo modeCheats
Victory
Defeat
🇮🇹 Magyars · Italy
815
+17
🇨🇭 Mongols · Switzerland
836
-17
MagniX
5:10 Loom
7:26 Loom
9:38 Feudal Age
22:17 Castle Age
22:24 Padded Archer Armor
22:47 Fletching
24:05 Double-Bit Axe
24:01 Horse Collar
28:30 Bow Saw
28:22 Heavy Plow
31:21 Leather Archer Armor
33:50 Wheelbarrow
33:00 Town Watch
36:52 Bodkin Arrow
39:38 Scale Barding Armor
40:51 Chain Barding Armor
43:06 Imperial Age
42:45 Ballistics
43:10 Heavy Cavalry Archer
44:16 Parthian Tactics
46:08 Ring Archer Armor
45:38 Bracer
47:37 Bracer
48:14 Plate Barding Armor
47:40 Capped Ram
52:20 Hand Cart
52:05 Town Patrol
Oscar
9:44 Feudal Age
10:07 Man-at-Arms
10:38 Double-Bit Axe
12:38 Gold Mining
14:34 Town Watch
20:35 Castle Age
19:34 Horse Collar
20:54 Bloodlines
22:36 Loom
24:28 Stone Mining
28:05 Wheelbarrow
37:54 Fletching
38:10 Elite Skirmisher
39:44 Stone Shaft Mining
39:35 Bodkin Arrow
39:50 Heavy Plow
40:31 Padded Archer Armor
42:48 Hand Cart
43:51 Leather Archer Armor
44:11 Town Patrol
46:11 Ballistics
49:27 Imperial Age
52:13 Capped Ram
Connection lost

Rejoining the realm…

Still unreachable

The connection could not be restored.

Session expired

The server has moved on; the page needs a fresh start.